Barracuda vs Ice Caps

Created - Monday, March 14, 2016 at 03:18

Goals
1 2 3 T
Barracuda 0 0 1 1
Ice Caps 0 1 2 3
Shots
1 2 3 T
Barracuda 5 4 8 17
Ice Caps 5 11 10 26

1st period

No Goal

Penalties :
Alexandre Bolduc (SJO) for Hooking (Minor) at 4:16, Troy Bodie (STJ) for Hooking (Minor) at 7:18

2nd period

1. Ice Caps , Trevor Smith 20 (B.J. Crombeen) at 5:31

Penalties :
No Penalty

3rd period

2. Ice Caps , Paul Carey 13 (Nathan Oystrick) at 7:20
3. Ice Caps , TJ Galiardi 1 (B.J. Crombeen, Trevor Smith) at 8:51
4. Barracuda , Brendan Mikkelson 1 (Christian Folin) at 9:54

Penalties :
Troy Bodie (STJ) for Fighting (Major) at 1:12, Mark Fistric (SJO) for Fighting (Major) at 1:12

Goalie Stats

Joey MacDonald (SJO), 23 saves from 26 shots - (0.885), L, 23-17-16, 60:00 minutes
Jeff Zatkoff (STJ), 16 saves from 17 shots - (0.941), W, 24-6-10, 60:00 minutes

Players Stats for Barracuda

Player Name              G  A  P  +/- PIM S  H  SB GA TA FO     MP     PP MP  PK MP  
------------------------------------------------------------------------------------
Alexandre Bolduc         0  0  0  -1  2   0  2  0  1  1  6/9    20:26   1:08   0:00 
Brendan Mikkelson        1  0  1  -1  0   3  4  1  1  2  0/0    26:37   0:51   1:11 
Christian Folin          0  1  1  -1  0   3  2  2  3  6  0/0    26:45   0:51   1:11 
Colin Smith              0  0  0  -1  0   1  0  0  1  1  3/8    18:01   0:00   0:00 
Curtis Glencross         0  0  0   0  0   2  3  1  4  1  2/2    21:26   0:51   0:41 
Danny Syvret             0  0  0   0  0   0  0  0  0  0  0/0    12:07   0:00   0:00 
David Van Der Gulik      0  0  0  -2  0   0  1  0  0  0  0/1    19:41   1:08   0:00 
Dominik Uher             0  0  0  -1  0   1  1  1  1  0  0/1    19:49   1:08   0:00 
Eric Selleck             0  0  0  -1  0   0  1  0  2  1  0/0    18:32   0:00   1:12 
Joey Mormina             0  0  0   0  0   0  0  0  0  2  0/0     7:35   0:00   0:00 
John Kurtz               0  0  0   0  0   0  1  0  0  0  0/0     4:32   0:00   0:06 
Mark Fistric             0  0  0  -1  5   0  2  0  0  1  0/0    21:40   1:08   0:48 
Mark McNeill             0  0  0   0  0   2  1  0  2  2  0/0    18:57   0:51   0:32 
Maxime Fortunus          0  0  0   0  0   0  0  0  0  0  0/0     0:00   0:00   0:00 
Mike Halmo               0  0  0   0  0   0  1  0  0  0  0/0     4:45   0:00   0:00 
Rylan Schwartz           0  0  0  -1  0   1  0  0  0  0  1/6    11:21   0:00   0:00 
Taylor Chorney           0  0  0  -1  0   3  4  0  0  1  0/0    25:15   1:08   0:48 
Vincent Lecavalier       0  0  0   1  0   1  0  0  2  1  1/9    20:30   0:51   1:27 

Players Stats for Ice Caps

Player Name              G  A  P  +/- PIM S  H  SB GA TA FO     MP     PP MP  PK MP  
------------------------------------------------------------------------------------
Alex Biega               0  0  0   1  0   0  2  0  0  0  0/0    19:58   0:59   0:29 
Alex Grant               0  0  0   0  0   1  1  0  0  3  0/0    23:50   1:00   1:30 
B.J. Crombeen            0  2  2   2  0   3  1  0  1  0  0/0    17:01   1:09   0:00 
Barry Goers              0  0  0   1  0   0  0  0  0  0  0/0    16:12   0:00   0:00 
Bobby Sanguinetti        0  0  0   0  0   0  1  1  0  1  0/0    23:50   1:00   1:30 
Brandon Yip              0  0  0   0  0   2  2  0  0  2  0/0    10:17   0:00   0:00 
Derek Grant              0  0  0   0  0   0  0  0  6  1  4/5    16:55   1:09   0:13 
Kyle MacKinnon           0  0  0   0  0   0  1  0  0  0  0/2     6:33   0:06   0:00 
Nathan Oystrick          0  1  1   1  0   0  0  0  0  1  0/0    16:12   0:00   0:00 
Nick D'Agostino          0  0  0   1  0   0  2  0  0  0  0/0    19:58   0:59   0:29 
Patrick Dwyer            0  0  0   0  0   2  0  1  3  1  1/1    15:45   0:50   0:35 
Paul Carey               1  0  1   0  0   1  2  0  6  0  0/0    15:46   0:00   0:13 
Ryan Carter              0  0  0   0  0   5  4  1  2  1  0/0    16:21   0:50   1:11 
Scott Gomez              0  0  0   0  0   5  2  1  3  1  8/12   21:36   0:44   1:11 
Tim Kennedy              0  0  0   0  0   2  2  0  1  0  2/5    10:17   0:00   0:00 
TJ Galiardi              1  0  1   2  0   1  1  2  1  1  1/1    15:52   0:00   0:00 
Trevor Smith             1  1  2   2  0   4  1  2  1  0  7/10   17:36   1:09   0:35 
Troy Bodie               0  0  0   0  7   0  3  0  0  0  0/0    14:00   0:00   0:00 

3 Stars

1 - Trevor Smith (STJ)
2 - TJ Galiardi (STJ)
3 - B.J. Crombeen (STJ)

Power Play

Barracuda - 0 on 1 Attempt(s) - 0.00%
Ice Caps - 0 on 1 Attempt(s) - 0.00%

Penalty Kill

Barracuda - 1 on 1 Attempt(s) - 100.00% - Score 0 goal in Penalty Kill
Ice Caps - 1 on 1 Attempt(s) - 100.00% - Score 0 goal in Penalty Kill

Team Stat

Barracuda - Hits : 23 - Faceoff Wins : 13 - Blocked Shots : 5 - Penalty Minutes : 7
Ice Caps - Hits : 25 - Faceoff Wins : 23 - Blocked Shots : 8 - Penalty Minutes : 7

Official

Referees : Unknown
Linesman : Unknown

Game Notes

Troy Bodie and Mark Fistric fight to a draw at 1:12 of 3rd period

Finance

Level 1 -- Attendance: 1551 (77.55%) -- Ticket Income $43,428
Level 2 -- Attendance: 824 (82.40%) -- Ticket Income $12,360
Total Attendance: 2375 (79.17%)
Total Ticket Income: $55,788
Other Income: $27,336
Total Income: $83,124

Barracuda

5 vs 5 Forward 
   Center                   Left Wing                Right Wing               Time % Phy DF OF 
 1 Vincent Lecavalier       Curtis Glencross         Mark McNeill             35     1   2  2  
 2 Alexandre Bolduc         Dominik Uher             David Van Der Gulik      30     1   2  2  
 3 Colin Smith              Eric Selleck             Curtis Glencross         22     1   2  2  
 4 Rylan Schwartz           Vincent Lecavalier       Curtis Glencross         13     1   2  2  

5 vs 5 Defense 
   Defense                  Defense                                           Time % Phy DF OF 
 1 Christian Folin          Brendan Mikkelson                                 35     1   2  2  
 2 Taylor Chorney           Mark Fistric                                      30     1   2  2  
 3 Christian Folin          Brendan Mikkelson                                 22     1   2  2  
 4 Christian Folin          Brendan Mikkelson                                 13     1   2  2  

PowerPlay Forward 
   Center                   Left Wing                Right Wing               Time % Phy DF OF 
 1 Vincent Lecavalier       Curtis Glencross         Mark McNeill             60     1   2  2  
 2 Alexandre Bolduc         Dominik Uher             David Van Der Gulik      40     1   2  2  

PowerPlay Defense
   Defense                  Defense                                           Time % Phy DF OF 
 1 Christian Folin          Brendan Mikkelson                                 60     1   2  2  
 2 Taylor Chorney           Mark Fistric                                      40     1   2  2  

Penalty Kill 4 Players Forward 
   Center                   Wing                     Time % Phy DF OF 
 1 Curtis Glencross         Vincent Lecavalier       60     1   2  2  
 2 Mark McNeill             Alexandre Bolduc         40     1   2  2  

Penalty Kill 4 Players Defense
   Defense                  Defense                  Time % Phy DF OF 
 1 Christian Folin          Brendan Mikkelson        60     1   2  2  
 2 Taylor Chorney           Mark Fistric             40     1   2  2  

Penalty Kill - 3 Players Forward 
   Forward                                           Time % Phy DF OF 
 1 Curtis Glencross                                  60     1   2  2  
 2 Vincent Lecavalier                                40     1   2  2  

Penalty Kill - 3 Players Defense
   Defense                  Defense                  Time % Phy DF OF 
 1 Christian Folin          Brendan Mikkelson        60     1   2  2  
 2 Taylor Chorney           Mark Fistric             40     1   2  2  

4 vs 4 Forward 
   Center                   Wing                     Time % Phy DF OF 
 1 Curtis Glencross         Vincent Lecavalier       60     1   2  2  
 2 Mark McNeill             Alexandre Bolduc         40     1   2  2  

4 vs 4 Defense
   Defense                  Defense                  Time % Phy DF OF 
 1 Christian Folin          Brendan Mikkelson        60     1   2  2  
 2 Taylor Chorney           Mark Fistric             40     1   2  2  

Last Minutes Offensive
   Center                   Left Wing                Right Wing               Defense                  Defense                  
   Vincent Lecavalier       Curtis Glencross         Mark McNeill             Christian Folin          Brendan Mikkelson        

Last Minutes Defensive
   Center                   Left Wing                Right Wing               Defense                  Defense                  
   Vincent Lecavalier       Curtis Glencross         Mark McNeill             Christian Folin          Brendan Mikkelson        

Goaltenders
Starting : Joey MacDonald           
Backup : David Leggio             

Extra Forwards
Normal : Curtis Glencross, Colin Smith, Eric Selleck - PP : Curtis Glencross, Colin Smith - PK : Eric Selleck
Extra Defensemen
Normal : Christian Folin, Brendan Mikkelson, Taylor Chorney - PP : Christian Folin - PK : Brendan Mikkelson, Taylor Chorney
Penalty Shots
Curtis Glencross, Vincent Lecavalier, Mark McNeill, Alexandre Bolduc, Colin Smith

Ice Caps

5 vs 5 Forward 
   Center                   Left Wing                Right Wing               Time % Phy DF OF 
 1 Scott Gomez              Ryan Carter              Patrick Dwyer            35     1   2  2  
 2 Trevor Smith             B.J. Crombeen            TJ Galiardi              30     1   2  2  
 3 Derek Grant              Paul Carey               Troy Bodie               22     1   2  2  
 4 Tim Kennedy              Brandon Yip              Scott Gomez              13     1   2  2  

5 vs 5 Defense 
   Defense                  Defense                                           Time % Phy DF OF 
 1 Alex Grant               Bobby Sanguinetti                                 35     1   2  2  
 2 Alex Biega               Nick D'Agostino                                   30     1   2  2  
 3 Nathan Oystrick          Barry Goers                                       22     1   2  2  
 4 Alex Grant               Bobby Sanguinetti                                 13     1   2  2  

PowerPlay Forward 
   Center                   Left Wing                Right Wing               Time % Phy DF OF 
 1 Scott Gomez              Ryan Carter              Patrick Dwyer            60     1   2  2  
 2 Trevor Smith             B.J. Crombeen            Derek Grant              40     1   2  2  

PowerPlay Defense
   Defense                  Defense                                           Time % Phy DF OF 
 1 Alex Grant               Bobby Sanguinetti                                 60     1   2  2  
 2 Alex Biega               Nick D'Agostino                                   40     1   2  2  

Penalty Kill 4 Players Forward 
   Center                   Wing                     Time % Phy DF OF 
 1 Scott Gomez              Ryan Carter              60     1   2  2  
 2 Patrick Dwyer            Trevor Smith             40     1   2  2  

Penalty Kill 4 Players Defense
   Defense                  Defense                  Time % Phy DF OF 
 1 Alex Grant               Bobby Sanguinetti        60     1   2  2  
 2 Alex Biega               Nick D'Agostino          40     1   2  2  

Penalty Kill - 3 Players Forward 
   Forward                                           Time % Phy DF OF 
 1 Scott Gomez                                       60     1   2  2  
 2 Ryan Carter                                       40     1   2  2  

Penalty Kill - 3 Players Defense
   Defense                  Defense                  Time % Phy DF OF 
 1 Alex Grant               Bobby Sanguinetti        60     1   2  2  
 2 Alex Biega               Nick D'Agostino          40     1   2  2  

4 vs 4 Forward 
   Center                   Wing                     Time % Phy DF OF 
 1 Scott Gomez              Ryan Carter              60     1   2  2  
 2 Patrick Dwyer            Trevor Smith             40     1   2  2  

4 vs 4 Defense
   Defense                  Defense                  Time % Phy DF OF 
 1 Alex Grant               Bobby Sanguinetti        60     1   2  2  
 2 Alex Biega               Nick D'Agostino          40     1   2  2  

Last Minutes Offensive
   Center                   Left Wing                Right Wing               Defense                  Defense                  
   Scott Gomez              Ryan Carter              Patrick Dwyer            Alex Grant               Bobby Sanguinetti        

Last Minutes Defensive
   Center                   Left Wing                Right Wing               Defense                  Defense                  
   Scott Gomez              Ryan Carter              Patrick Dwyer            Alex Grant               Bobby Sanguinetti        

Goaltenders
Starting : Jeff Zatkoff             
Backup : Scott Greenham           

Extra Forwards
Normal : Kyle MacKinnon, Derek Grant, Paul Carey - PP : Kyle MacKinnon, Derek Grant - PK : Paul Carey
Extra Defensemen
Normal : Nathan Oystrick, Barry Goers, Alex Biega - PP : Nathan Oystrick - PK : Barry Goers, Alex Biega
Penalty Shots
Scott Gomez, Ryan Carter, Patrick Dwyer, Trevor Smith, Paul Carey

% Time on Ice - Barracuda

Lines # - Real PCT - Wanted PCT - Time Play
Normal Forward
1 - 31% - 35% - 17:19
2 - 34% - 30% - 18:57
3 - 25% - 22% - 13:59
4 - 10% - 13% - 5:47
Normal Defense
1 - 32% - 35% - 18:05
2 - 47% - 30% - 26:23
3 - 15% - 22% - 8:25
4 - 6% - 13% - 3:09
PP Forward
1 - 43% - 60% - 0:51
2 - 57% - 40% - 1:08
PP Defense
1 - 43% - 60% - 0:51
2 - 57% - 40% - 1:08
PK Forward
1 - 73% - 60% - 1:27
2 - 27% - 40% - 0:32
PK Defense
1 - 60% - 60% - 1:11
2 - 40% - 40% - 0:48
PK3 Forward
1 - 0% - 60%
2 - 0% - 40%
PK3 Defense
1 - 0% - 60%
2 - 0% - 40%
44 Forward
1 - 0% - 60%
2 - 0% - 40%
44 Defense
1 - 0% - 60%
2 - 0% - 40%
Last Minute Offensive  - 0:00
Last Minute Defensive  - 0:00
Total
Forward - 60:00
Defense - 60:00

% Time on Ice - Ice Caps

Lines # - Real PCT - Wanted PCT - Time Play
Normal Forward
1 - 26% - 35% - 14:44
2 - 28% - 30% - 15:52
3 - 27% - 22% - 15:09
4 - 18% - 13% - 10:17
Normal Defense
1 - 30% - 35% - 16:49
2 - 33% - 30% - 18:30
3 - 29% - 22% - 16:12
4 - 8% - 13% - 4:31
PP Forward
1 - 42% - 60% - 0:50
2 - 58% - 40% - 1:09
PP Defense
1 - 50% - 60% - 1:00
2 - 50% - 40% - 0:59
PK Forward
1 - 71% - 60% - 1:24
2 - 29% - 40% - 0:35
PK Defense
1 - 76% - 60% - 1:30
2 - 24% - 40% - 0:29
PK3 Forward
1 - 0% - 60%
2 - 0% - 40%
PK3 Defense
1 - 0% - 60%
2 - 0% - 40%
44 Forward
1 - 0% - 60%
2 - 0% - 40%
44 Defense
1 - 0% - 60%
2 - 0% - 40%
Last Minute Offensive  - 0:00
Last Minute Defensive  - 0:00
Total
Forward - 60:00
Defense - 60:00

Play by Play

1st period


0:01 of 1st period - Scott Gomez wins face-off versus Vincent Lecavalier in neutral zone.
0:03 of 1st period - Off-side.
0:04 of 1st period - Scott Gomez wins face-off versus Vincent Lecavalier in neutral zone.
0:56 of 1st period - Alexandre Bolduc is hit by Trevor Smith and loses puck.
1:05 of 1st period - Slapshot by B.J. Crombeen.
1:05 of 1st period - Shot Blocked by Christian Folin.
1:11 of 1st period - B.J. Crombeen is hit by David Van Der Gulik and loses puck.
1:40 of 1st period - Wrist shot by Colin Smith.
1:40 of 1st period - Stopped by Jeff Zatkoff with a rebound.
2:04 of 1st period - Snap shot by Paul Carey.
2:04 of 1st period - Shot Misses the Net.
2:30 of 1st period - Slapshot by Tim Kennedy.
2:30 of 1st period - Shot Misses the Net.
3:02 of 1st period - Snap shot by Trevor Smith.
3:02 of 1st period - Deflect By Colin Smith.
3:02 of 1st period - Stopped by Joey MacDonald without a rebound.
3:03 of 1st period - Alexandre Bolduc wins face-off versus Trevor Smith in Barracuda zone.
3:24 of 1st period - Slapshot by Christian Folin.
3:24 of 1st period - Deflect By Alexandre Bolduc.
3:24 of 1st period - Shot Misses the Net.
3:24 of 1st period - Puck is out of play.
3:25 of 1st period - Alexandre Bolduc wins face-off versus Scott Gomez in Ice Caps zone.
3:26 of 1st period - Snap shot by Christian Folin.
3:26 of 1st period - Stopped by Jeff Zatkoff with a rebound.
3:28 of 1st period - Snap shot by Alexandre Bolduc.
3:28 of 1st period - Shot Blocked by Patrick Dwyer.
3:36 of 1st period - Wrist shot by Alexandre Bolduc.
3:36 of 1st period - Shot Misses the Net.
3:38 of 1st period - Wrist shot by David Van Der Gulik.
3:38 of 1st period - Shot Misses the Net.
4:09 of 1st period - Icing by Bobby Sanguinetti.
4:10 of 1st period - Scott Gomez wins face-off versus Vincent Lecavalier in Ice Caps zone.
4:16 of 1st period - Minor Penalty to Alexandre Bolduc for Hooking.
4:17 of 1st period - Curtis Glencross wins face-off versus Trevor Smith in Barracuda zone.
4:26 of 1st period - Icing by Trevor Smith.
4:27 of 1st period - Curtis Glencross wins face-off versus Trevor Smith in Ice Caps zone.
6:16 of 1st period - Penalty to Alexandre Bolduc is over, Alexandre Bolduc is back on ice.
6:59 of 1st period - Snap shot by Paul Carey.
6:59 of 1st period - Shot Misses the Net.
7:18 of 1st period - Minor Penalty to Troy Bodie for Hooking.
7:19 of 1st period - Scott Gomez wins face-off versus Alexandre Bolduc in Ice Caps zone.
7:47 of 1st period - Off-side.
7:48 of 1st period - Scott Gomez wins face-off versus Vincent Lecavalier in neutral zone.
9:18 of 1st period - Penalty to Troy Bodie is over, Troy Bodie is back on ice.
9:19 of 1st period - Vincent Lecavalier is hit by Troy Bodie and loses puck.
9:37 of 1st period - Mark McNeill is hit by Troy Bodie and loses puck.
10:04 of 1st period - Snap shot by Trevor Smith.
10:04 of 1st period - Stopped by Joey MacDonald with a rebound.
10:38 of 1st period - Tim Kennedy is hit by Taylor Chorney.
10:48 of 1st period - Troy Bodie is hit by Mark Fistric and loses puck.
12:07 of 1st period - Mark Fistric is hit by Nick D'Agostino and loses puck.
12:30 of 1st period - Wrist shot by Christian Folin.
12:30 of 1st period - Deflect By TJ Galiardi.
12:30 of 1st period - Stopped by Jeff Zatkoff without a rebound.
12:31 of 1st period - Rylan Schwartz wins face-off versus Tim Kennedy in Ice Caps zone.
12:40 of 1st period - Backhand shot by Scott Gomez.
12:40 of 1st period - Deflect By Tim Kennedy.
12:40 of 1st period - Stopped by Joey MacDonald with a rebound.
12:57 of 1st period - Icing by Alexandre Bolduc.
12:58 of 1st period - Alexandre Bolduc wins face-off versus Kyle MacKinnon in Barracuda zone.
12:58 of 1st period - Alexandre Bolduc is hit by Ryan Carter.
13:05 of 1st period - Snap shot by Ryan Carter.
13:05 of 1st period - Stopped by Joey MacDonald with a rebound.
13:07 of 1st period - Snap shot by Ryan Carter.
13:07 of 1st period - Stopped by Joey MacDonald with a rebound.
13:49 of 1st period - Christian Folin is hit by Brandon Yip and loses puck.
13:58 of 1st period - Snap shot by Brendan Mikkelson.
13:58 of 1st period - Shot Misses the Net.
14:12 of 1st period - Slapshot by Curtis Glencross.
14:12 of 1st period - Shot Misses the Net.
14:14 of 1st period - Backhand shot by Curtis Glencross.
14:14 of 1st period - Deflect By Rylan Schwartz.
14:14 of 1st period - Shot Blocked by Scott Gomez.
14:14 of 1st period - Puck is out of play.
14:15 of 1st period - Trevor Smith wins face-off versus Rylan Schwartz in Ice Caps zone.
15:29 of 1st period - Wrist shot by Rylan Schwartz.
15:29 of 1st period - Stopped by Jeff Zatkoff with a rebound.
15:49 of 1st period - Rylan Schwartz is hit by Ryan Carter and loses puck.
16:14 of 1st period - Mark Fistric is hit by Nick D'Agostino and loses puck.
16:23 of 1st period - Wrist shot by Colin Smith.
16:23 of 1st period - Shot Blocked by Trevor Smith.
16:25 of 1st period - Slapshot by Brendan Mikkelson.
16:25 of 1st period - Stopped by Jeff Zatkoff with a rebound.
17:00 of 1st period - Tim Kennedy is hit by John Kurtz and loses puck.
17:09 of 1st period - Slapshot by Brandon Yip.
17:09 of 1st period - Shot Misses the Net.
17:36 of 1st period - Troy Bodie is hit by Christian Folin and loses puck.
18:01 of 1st period - Dominik Uher is hit by Scott Gomez and loses puck.
19:06 of 1st period - Wrist shot by John Kurtz.
19:06 of 1st period - Deflect By Ryan Carter.
19:06 of 1st period - Shot Misses the Net.
19:06 of 1st period - Puck is out of play.
19:07 of 1st period - Tim Kennedy wins face-off versus Rylan Schwartz in Ice Caps zone.
Goals for this period are 0 for Barracuda vs 0 for Ice Caps.
Shots for this period are 5 for Barracuda vs 5 for Ice Caps.

2nd period


0:01 of 2nd period - Scott Gomez wins face-off versus Vincent Lecavalier in neutral zone.
1:06 of 2nd period - Wrist shot by TJ Galiardi.
1:06 of 2nd period - Shot Misses the Net.
1:10 of 2nd period - Snap shot by TJ Galiardi.
1:10 of 2nd period - Shot Misses the Net.
1:12 of 2nd period - Backhand shot by B.J. Crombeen.
1:12 of 2nd period - Stopped by Joey MacDonald with a rebound.
1:36 of 2nd period - Nathan Oystrick is hit by Curtis Glencross and loses puck.
2:05 of 2nd period - Nick D'Agostino is hit by Mark Fistric and loses puck.
2:39 of 2nd period - Brandon Yip is hit by Brendan Mikkelson and loses puck.
3:23 of 2nd period - Icing by Mark Fistric.
3:24 of 2nd period - Patrick Dwyer wins face-off versus Vincent Lecavalier in Barracuda zone.
3:25 of 2nd period - Wrist shot by Ryan Carter.
3:25 of 2nd period - Shot Misses the Net.
3:27 of 2nd period - Snap shot by Ryan Carter.
3:27 of 2nd period - Shot Misses the Net.
3:43 of 2nd period - Slapshot by Christian Folin.
3:43 of 2nd period - Shot Blocked by TJ Galiardi.
3:53 of 2nd period - Snap shot by Colin Smith.
3:53 of 2nd period - Shot Blocked by TJ Galiardi.
3:55 of 2nd period - Snap shot by Brendan Mikkelson.
3:55 of 2nd period - Stopped by Jeff Zatkoff without a rebound.
3:56 of 2nd period - Derek Grant wins face-off versus Colin Smith in Ice Caps zone.
4:07 of 2nd period - Troy Bodie is hit by Brendan Mikkelson and loses puck.
4:18 of 2nd period - Slapshot by Paul Carey.
4:18 of 2nd period - Shot Misses the Net.
5:23 of 2nd period - Snap shot by B.J. Crombeen.
5:23 of 2nd period - Stopped by Joey MacDonald with a rebound.
5:25 of 2nd period - Snap shot by Trevor Smith.
5:25 of 2nd period - Deflect By B.J. Crombeen.
5:25 of 2nd period - Shot Misses the Net.
5:25 of 2nd period - Puck is out of play.
5:26 of 2nd period - Trevor Smith wins face-off versus David Van Der Gulik in Barracuda zone.
5:29 of 2nd period - Snap shot by B.J. Crombeen.
5:29 of 2nd period - Stopped by Joey MacDonald with a rebound.
5:31 of 2nd period - Snap shot by Trevor Smith.
5:31 of 2nd period - Goal by Trevor Smith - Barracuda : 0 - Ice Caps : 1.
5:32 of 2nd period - Derek Grant wins face-off versus Alexandre Bolduc in neutral zone.
5:41 of 2nd period - Brendan Mikkelson is hit by Paul Carey.
5:45 of 2nd period - Christian Folin is hit by Alex Grant and loses puck.
6:43 of 2nd period - Off-side.
6:44 of 2nd period - Colin Smith wins face-off versus Scott Gomez in neutral zone.
7:33 of 2nd period - Wrist shot by Dominik Uher.
7:33 of 2nd period - Stopped by Jeff Zatkoff with a rebound.
7:55 of 2nd period - Snap shot by Vincent Lecavalier.
7:55 of 2nd period - Shot Misses the Net.
8:17 of 2nd period - Snap shot by Tim Kennedy.
8:17 of 2nd period - Stopped by Joey MacDonald without a rebound.
8:18 of 2nd period - Alexandre Bolduc wins face-off versus Tim Kennedy in Barracuda zone.
8:46 of 2nd period - Christian Folin is hit by Brandon Yip.
9:24 of 2nd period - Derek Grant is hit by Curtis Glencross and loses puck.
9:57 of 2nd period - Mark Fistric is hit by B.J. Crombeen and loses puck.
10:38 of 2nd period - Slapshot by Scott Gomez.
10:38 of 2nd period - Stopped by Joey MacDonald with a rebound.
10:40 of 2nd period - Snap shot by Scott Gomez.
10:40 of 2nd period - Shot Misses the Net.
10:42 of 2nd period - Wrist shot by Scott Gomez.
10:42 of 2nd period - Stopped by Joey MacDonald with a rebound.
11:41 of 2nd period - Mark McNeill is hit by Kyle MacKinnon and loses puck.
12:03 of 2nd period - Bobby Sanguinetti is hit by Mark McNeill and loses puck.
12:33 of 2nd period - Brendan Mikkelson is hit by Scott Gomez and loses puck.
12:53 of 2nd period - Icing by TJ Galiardi.
12:54 of 2nd period - Trevor Smith wins face-off versus Rylan Schwartz in Ice Caps zone.
13:12 of 2nd period - Icing by Alexandre Bolduc.
13:13 of 2nd period - Tim Kennedy wins face-off versus Rylan Schwartz in Barracuda zone.
13:44 of 2nd period - Vincent Lecavalier is hit by Troy Bodie and loses puck.
14:03 of 2nd period - Wrist shot by Curtis Glencross.
14:03 of 2nd period - Stopped by Jeff Zatkoff with a rebound.
14:05 of 2nd period - Slapshot by Taylor Chorney.
14:05 of 2nd period - Deflect By Derek Grant.
14:05 of 2nd period - Stopped by Jeff Zatkoff with a rebound.
14:22 of 2nd period - TJ Galiardi is hit by Curtis Glencross.
15:14 of 2nd period - Slapshot by Brandon Yip.
15:14 of 2nd period - Stopped by Joey MacDonald with a rebound.
15:16 of 2nd period - Snap shot by Brandon Yip.
15:16 of 2nd period - Shot Blocked by Brendan Mikkelson.
15:18 of 2nd period - Snap shot by Brandon Yip.
15:18 of 2nd period - Stopped by Joey MacDonald with a rebound.
15:20 of 2nd period - Slapshot by Tim Kennedy.
15:20 of 2nd period - Shot Misses the Net.
15:22 of 2nd period - Wrist shot by Tim Kennedy.
15:22 of 2nd period - Shot Misses the Net.
15:49 of 2nd period - Rylan Schwartz is hit by Alex Biega and loses puck.
16:18 of 2nd period - Danny Syvret is hit by Ryan Carter.
17:07 of 2nd period - Ryan Carter is hit by Eric Selleck and loses puck.
17:19 of 2nd period - Icing by Eric Selleck.
17:20 of 2nd period - Alexandre Bolduc wins face-off versus Kyle MacKinnon in Barracuda zone.
17:31 of 2nd period - Snap shot by Ryan Carter.
17:31 of 2nd period - Stopped by Joey MacDonald with a rebound.
18:40 of 2nd period - Wrist shot by Paul Carey.
18:40 of 2nd period - Shot Misses the Net.
18:42 of 2nd period - Backhand shot by Derek Grant.
18:42 of 2nd period - Shot Misses the Net.
18:44 of 2nd period - Wrist shot by Paul Carey.
18:44 of 2nd period - Shot Misses the Net.
19:08 of 2nd period - Trevor Smith is hit by Alexandre Bolduc and loses puck.
19:15 of 2nd period - Trevor Smith is hit by Taylor Chorney and loses puck.
19:42 of 2nd period - Backhand shot by Patrick Dwyer.
19:42 of 2nd period - Stopped by Joey MacDonald without a rebound.
19:43 of 2nd period - Scott Gomez wins face-off versus Colin Smith in Barracuda zone.
Goals for this period are 0 for Barracuda vs 1 for Ice Caps.
Shots for this period are 4 for Barracuda vs 11 for Ice Caps.

3rd period


0:01 of 3rd period - Scott Gomez wins face-off versus Vincent Lecavalier in neutral zone.
0:51 of 3rd period - Trevor Smith is hit by Brendan Mikkelson.
1:05 of 3rd period - Off-side.
1:06 of 3rd period - Derek Grant wins face-off versus Colin Smith in neutral zone.
1:12 of 3rd period - Troy Bodie and Mark Fistric fight to a draw.
1:12 of 3rd period - Penalty to Troy Bodie for Fighting.
1:12 of 3rd period - Penalty to Mark Fistric for Fighting.
1:13 of 3rd period - Vincent Lecavalier wins face-off versus Scott Gomez in neutral zone.
1:34 of 3rd period - Snap shot by Scott Gomez.
1:34 of 3rd period - Stopped by Joey MacDonald with a rebound.
1:46 of 3rd period - Slapshot by Ryan Carter.
1:46 of 3rd period - Stopped by Joey MacDonald without a rebound.
1:47 of 3rd period - Trevor Smith wins face-off versus Dominik Uher in Barracuda zone.
2:37 of 3rd period - Dominik Uher is hit by Paul Carey and loses puck.
2:48 of 3rd period - Wrist shot by Paul Carey.
2:48 of 3rd period - Shot Blocked by Dominik Uher.
3:19 of 3rd period - Patrick Dwyer is hit by Taylor Chorney.
4:06 of 3rd period - Rylan Schwartz is hit by TJ Galiardi and loses puck.
4:11 of 3rd period - Wrist shot by Trevor Smith.
4:11 of 3rd period - Shot Misses the Net.
4:13 of 3rd period - Snap shot by B.J. Crombeen.
4:13 of 3rd period - Shot Blocked by Christian Folin.
5:22 of 3rd period - Joey Mormina is hit by Tim Kennedy and loses puck.
5:35 of 3rd period - Wrist shot by Vincent Lecavalier.
5:35 of 3rd period - Shot Misses the Net.
5:58 of 3rd period - Joey Mormina is hit by Bobby Sanguinetti and loses puck.
6:41 of 3rd period - Trevor Smith is hit by Alexandre Bolduc and loses puck.
7:18 of 3rd period - Snap shot by Paul Carey.
7:18 of 3rd period - Shot Misses the Net.
7:20 of 3rd period - Snap shot by Paul Carey.
7:20 of 3rd period - Goal by Paul Carey - Barracuda : 0 - Ice Caps : 2.
7:21 of 3rd period - Trevor Smith wins face-off versus Vincent Lecavalier in neutral zone.
8:32 of 3rd period - Nathan Oystrick is hit by Mike Halmo and loses puck.
8:39 of 3rd period - Wrist shot by Colin Smith.
8:39 of 3rd period - Deflect By Mike Halmo.
8:39 of 3rd period - Shot Blocked by Ryan Carter.
8:39 of 3rd period - Puck is out of play.
8:40 of 3rd period - Trevor Smith wins face-off versus Colin Smith in Ice Caps zone.
8:49 of 3rd period - Snap shot by B.J. Crombeen.
8:49 of 3rd period - Shot Misses the Net.
8:51 of 3rd period - Wrist shot by TJ Galiardi.
8:51 of 3rd period - Goal by TJ Galiardi - Barracuda : 0 - Ice Caps : 3.
8:52 of 3rd period - Trevor Smith wins face-off versus Alexandre Bolduc in neutral zone.
9:03 of 3rd period - Slapshot by Christian Folin.
9:03 of 3rd period - Shot Blocked by Trevor Smith.
9:35 of 3rd period - Slapshot by Taylor Chorney.
9:35 of 3rd period - Stopped by Jeff Zatkoff with a rebound.
9:52 of 3rd period - Slapshot by Christian Folin.
9:52 of 3rd period - Stopped by Jeff Zatkoff with a rebound.
9:54 of 3rd period - Slapshot by Brendan Mikkelson.
9:54 of 3rd period - Goal by Brendan Mikkelson - Barracuda : 1 - Ice Caps : 3.
9:55 of 3rd period - Alexandre Bolduc wins face-off versus Scott Gomez in neutral zone.
10:40 of 3rd period - TJ Galiardi is hit by Taylor Chorney and loses puck.
11:07 of 3rd period - TJ Galiardi is hit by Brendan Mikkelson.
11:33 of 3rd period - Snap shot by Derek Grant.
11:33 of 3rd period - Shot Misses the Net.
11:35 of 3rd period - Snap shot by Paul Carey.
11:35 of 3rd period - Shot Blocked by Curtis Glencross.
11:37 of 3rd period - Slapshot by Alex Grant.
11:37 of 3rd period - Stopped by Joey MacDonald without a rebound.
11:38 of 3rd period - Derek Grant wins face-off versus Rylan Schwartz in Barracuda zone.
13:04 of 3rd period - Snap shot by Scott Gomez.
13:04 of 3rd period - Stopped by Joey MacDonald with a rebound.
13:10 of 3rd period - Scott Gomez is hit by Dominik Uher and loses puck.
13:33 of 3rd period - Snap shot by Curtis Glencross.
13:33 of 3rd period - Stopped by Jeff Zatkoff with a rebound.
15:09 of 3rd period - Wrist shot by Vincent Lecavalier.
15:09 of 3rd period - Stopped by Jeff Zatkoff with a rebound.
15:21 of 3rd period - Mark McNeill is hit by Tim Kennedy.
16:20 of 3rd period - Snap shot by Ryan Carter.
16:20 of 3rd period - Stopped by Joey MacDonald with a rebound.
16:22 of 3rd period - Wrist shot by Patrick Dwyer.
16:22 of 3rd period - Stopped by Joey MacDonald without a rebound.
16:23 of 3rd period - Colin Smith wins face-off versus Tim Kennedy in Barracuda zone.
16:42 of 3rd period - Wrist shot by Scott Gomez.
16:42 of 3rd period - Stopped by Joey MacDonald with a rebound.
17:14 of 3rd period - Dominik Uher is hit by Alex Biega and loses puck.
17:37 of 3rd period - Ryan Carter is hit by Christian Folin and loses puck.
17:48 of 3rd period - Mark Fistric is hit by Ryan Carter and loses puck.
17:57 of 3rd period - Snap shot by Colin Smith.
17:57 of 3rd period - Shot Blocked by Bobby Sanguinetti.
17:59 of 3rd period - Snap shot by Taylor Chorney.
17:59 of 3rd period - Stopped by Jeff Zatkoff with a rebound.
18:33 of 3rd period - Wrist shot by Mark McNeill.
18:33 of 3rd period - Stopped by Jeff Zatkoff with a rebound.
18:45 of 3rd period - Wrist shot by Mark McNeill.
18:45 of 3rd period - Shot Misses the Net.
18:57 of 3rd period - Wrist shot by Mark McNeill.
18:57 of 3rd period - Stopped by Jeff Zatkoff without a rebound.
18:58 of 3rd period - Colin Smith wins face-off versus Derek Grant in Ice Caps zone.
19:48 of 3rd period - Off-side.
19:49 of 3rd period - TJ Galiardi wins face-off versus Colin Smith in neutral zone.
19:52 of 3rd period - Wrist shot by Trevor Smith.
19:52 of 3rd period - Stopped by Joey MacDonald with a rebound.
19:54 of 3rd period - Wrist shot by Trevor Smith.
19:54 of 3rd period - Shot Misses the Net.
Goals for this period are 1 for Barracuda vs 2 for Ice Caps.
Shots for this period are 8 for Barracuda vs 10 for Ice Caps.